 Dungeon Crawl Stone Soup version 0.16.1-11-g651b585 (webtiles) character file.

3826 Chiseanne the Destroyer (level 9, -17/51 HPs)
             Began as a High Elf Conjurer on Apr 5, 2015.
             Was a Believer of Vehumet.
             Rolled over by a boulder beetle (32 damage)
             ... on level 9 of the Dungeon.
             The game lasted 00:33:32 (9457 turns).

Chiseanne the Destroyer (High Elf Conjurer)         Turns: 9457, Time: 00:33:32

Health: -17/51     AC:  7    Str: 14    XL:     9   Next: 97%
Magic:  1/39       EV: 13    Int: 24    God:    Vehumet [**....]
Gold:   461        SH:  0    Dex: 22    Spells: 6 memorised, 9 levels left

rFire  + . .     SeeInvis .     a - +9 dagger "Schegut" {pierce, Str+4 Int+3 Dex+4}
rCold  . . .     Clarity  .     m - +2 robe {rF+}
rNeg   . . .     SustAb   .     (no shield)
rPois  .         Gourm    .     l - +0 helmet (curse)
rElec  .         Spirit   .     d - +0 cloak
rCorr  .         Warding  .     (no gloves)
rMut   .         Stasis   .     t - +0 pair of boots
MR     .....                    n - amulet of rage
Stlth  ++........               r - +3 ring of strength
                                j - ring of magical power

@: not resistant to hostile enchantments, unstealthy
A: no striking features
a: Renounce Religion, Evoke Berserk Rage


You were on level 9 of the Dungeon.
You worshipped Vehumet.
Vehumet was pleased with you.
You were not hungry.

You visited 2 branches of the dungeon, and saw 10 of its levels.
You also visited: Bailey.

You collected 461 gold pieces.

Inventory:

Hand weapons
 a - the +9 dagger "Schegut" (weapon) {pierce, Str+4 Int+3 Dex+4}
   (You found it on level 5 of the Dungeon)

   It inflicts extra damage upon your enemies.
   It affects your strength (+4).
   It affects your intelligence (+3).
   It affects your dexterity (+4).
 s - a +3 short sword of venom
 J - a +0 blowgun
Missiles
 o - 28 poisoned needles
 w - 11 tomahawks (quivered)
Armour
 d - a +0 cloak (worn)
 l - a cursed +0 helmet (worn)
 m - a +2 robe of fire resistance (worn)
 q - a +0 large shield
 t - a +0 pair of boots (worn)
 u - a +1 ring mail of cold resistance
 x - a +1 ring mail of poison resistance
 M - a troll hide
Jewellery
 j - a ring of magical power (left hand)
 n - an amulet of rage (around neck)
 r - a +3 ring of strength (right hand)
 O - an uncursed ring of sustain abilities
Scrolls
 g - 2 scrolls of teleportation
 i - a scroll of remove curse
 y - 2 scrolls of fog
 B - a scroll of fear
 D - 2 scrolls of enchant weapon
Potions
 e - a potion of berserk rage
 f - 3 potions of heal wounds
 h - 3 potions of curing
 p - a potion of cancellation
 z - a potion of flight
 A - a potion of restore abilities
 E - 4 potions of might
 G - a potion of ambrosia {unknown}
 H - a potion of invisibility {unknown}
 L - a potion of experience {unknown}
 N - 6 potions of magic {unknown}
Books
 c - a book of Conjurations

   Spells                             Type                      Level
   a - Magic Dart                     Conjuration                  1
   b - Searing Ray                    Conjuration                  2
   c - Dazzling Spray                 Conjuration/Hexes            3
   d - Fulminant Prism                Conjuration/Hexes            4
   e - Iskenderun's Mystic Blast      Conjuration                  4
   f - Iskenderun's Battlesphere      Conjuration/Charms           5
 v - a book of Ice

   Spells                             Type                      Level
   a - Ice Form                       Ice/Transmutation            4
   b - Metabolic Englaciation         Hexes/Ice                    5
   c - Ozocubu's Refrigeration        Ice                          6
   d - Bolt of Cold                   Conjuration/Ice              6
   e - Freezing Cloud                 Conjuration/Ice/Air          6
   f - Simulacrum                     Ice/Necromancy               6
 K - a Grand Grimoire {highlevel, unknown}

   This book is beyond your current level of understanding.

   Spells                             Type                      Level
   a - Aura of Abjuration             Summoning                    6
   b - Summon Greater Demon           Summoning                    7
   c - Malign Gateway                 Summoning/Translocation      7
   d - Summon Horrible Things         Summoning                    8
Comestibles
 b - 5 bread rations
 k - 4 meat rations
 C - a fruit
 F - a beef jerky
 I - a slice of pizza


   Skills:
 - Level 2.1 Dodging
 - Level 2.1 Stealth
 - Level 11.3 Spellcasting
 - Level 11.4 Conjurations
 + Level 1.6 Ice Magic


You had 9 spell levels left.
You knew the following spells:

 Your Spells              Type           Power        Failure   Level  Hunger
a - Magic Dart            Conj           ####         1%          1    None
b - Searing Ray           Conj           ######       1%          2    None
c - Dazzling Spray        Conj/Hex       #####...     1%          3    None
d - Iskenderun's Mystic   Conj           ######..     1%          4    None
e - Iskenderun's Battles  Conj/Chrm      #####...     14%         5    ####...
f - Bolt of Cold          Conj/Ice       #####.....   58%         6    #####..


Dungeon Overview and Level Annotations

Branches:
Dungeon (9/15)             Temple (1/1) D:6
   Lair: D:8-11         Orc: D:9-12

Altars:
Ashenzari
Cheibriados
Dithmenos
Elyvilon
Fedhas
Gozag
Kikubaaqudgha
Makhleb
Nemelex Xobeh
Okawaru
Qazlal
Ru
Sif Muna
Trog
Vehumet
Xom
Yredelemnul
Zin
The Shining One

Annotations:
D:4 Magnus' ghost, experienced HESk
D:6 pzskc383's ghost, experienced GrEE


Message History

The boulder beetle is almost dead.
The orb of energy explodes!
The boulder beetle waves its antennae.
Casting: Iskenderun's Mystic Blast
Confirm with . or Enter, or press ? or * to list all spells.
You don't have enough magic to cast that spell.
Unknown command.
Casting: Iskenderun's Mystic Blast
Confirm with . or Enter, or press ? or * to list all spells.
Aiming: Searing Ray
Press: ? - help, Shift-Dir - straight line, f/p - boulder beetle
Aim: a boulder beetle (almost dead)
The searing ray hits the boulder beetle.
The boulder beetle is almost dead.
The boulder beetle curls into a ball and starts rolling!
The searing ray hits the boulder beetle.
The boulder beetle is almost dead.
The boulder beetle smashes into you!
Ouch! That really hurt!
You die...

..........# #............'.....
..........#####............######
..........'................>.....
..........#################.#####
##.######## #.# #..#...# #.#
###.#.#.# #[# ......#.#
########### #.# ###.###.#
#...§B@...# #.# #..##.#
#.#######.# #.## ##.##.# #.# #).#
#..#.# #.# ##.# # ##.#.# #.#####
#.# # ### #.#.# #..§§.# #.# #
..###.#.# #####*###### #.# #
........# #§##...## ##.# #
..####.########§##>...## ##..# #


You could see a boulder beetle.

Vanquished Creatures
  A troll (D:9)
  A hippogriff (D:7)
  2 orc warriors
  2 black bears
  A necrophage (D:9)
  4 centaurs
  2 ice beasts
  An ogre (D:4)
  4 phantoms
  A sky beast (D:8)
  A big kobold (D:8)
  5 giant frogs
  A water moccasin zombie (D:5)
  A scorpion (D:9)
  4 wights (D:8)
  A quasit (D:8)
  A crimson imp (D:9)
  5 hounds
  2 giant frog skeletons
  7 orc priests
  3 orc wizards
  3 iguanas
  Natasha (thrice) (D:5)
  3 worker ants
  Jessica (D:2)
  A mummy (D:9)
  2 worker ant zombies
  Robin (D:3)
  26 gnolls
  7 adders
  2 shadow imps
  2 giant mites (D:2)
  3 worms
  3 oozes
  27 orcs
  12 bats
  5 giant cockroaches
  13 goblins
  32 hobgoblins
  17 jackals
  4 quokkas
  4 giant geckos
  A giant gecko skeleton (D:4)
  6 giant newts
  2 giant spores
  A jackal skeleton (D:8)
  22 kobolds
  18 rats
  3 ballistomycetes
274 creatures vanquished.

Vanquished Creatures (others)
  2 jackals (D:9)
  A kobold (D:1)
3 creatures vanquished.

Grand Total: 277 creatures vanquished

Notes
Turn   | Place    | Note
--------------------------------------------------------------
     0 | D:1      | Chiseanne, the High Elf Conjurer, began the quest for the Orb.
     0 | D:1      | Reached XP level 1. HP: 11/11 MP: 4/4
   268 | D:1      | Reached XP level 2. HP: 17/17 MP: 0/6
   330 | D:1      | Learned a level 2 spell: Searing Ray
   502 | D:1      | Reached skill level 5 in Conjurations
  1207 | D:1      | Reached XP level 3. HP: 21/21 MP: 1/8
  1343 | D:2      | Learned a level 3 spell: Dazzling Spray
  1537 | D:2      | Noticed Jessica
  1541 | D:2      | Killed Jessica
  1626 | D:2      | Reached XP level 4. HP: 27/27 MP: 12/12
  1857 | D:2      | Learned a level 4 spell: Iskenderun's Mystic Blast
  2029 | D:2      | Reached skill level 6 in Conjurations
  2064 | D:3      | Noticed Robin
  2067 | D:3      | Killed Robin
  2417 | D:3      | Reached XP level 5. HP: 31/31 MP: 15/15
  2566 | D:3      | Found an opulent altar of Gozag.
  2848 | D:4      | Noticed an ogre
  2857 | D:4      | Killed an ogre
  2946 | D:4      | Noticed Magnus' ghost (experienced HESk)
  3147 | D:4      | Reached XP level 6. HP: 36/36 MP: 19/19
  3209 | D:4      | Reached skill level 7 in Conjurations
  3318 | D:4      | Reached skill level 5 in Spellcasting
  3558 | D:5      | Entered Level 5 of the Dungeon
  3830 | D:5      | Got a fine dagger
  3992 | D:5      | Reached XP level 7. HP: 18/41 MP: 9/23
  4209 | D:5      | Found an ancient bone altar of Kikubaaqudgha.
  4209 | D:5      | Found a blossoming altar of Fedhas.
  4474 | D:5      | Noticed Natasha
  4477 | D:5      | Killed Natasha
  4477 | D:5      | Reached skill level 8 in Conjurations
  4484 | D:5      | Learned a level 5 spell: Iskenderun's Battlesphere
  4809 | D:5      | Noticed Natasha
  4813 | D:5      | Killed Natasha
  5123 | D:5      | Noticed Natasha
  5125 | D:5      | Killed Natasha
  5164 | D:6      | Reached XP level 8. HP: 46/46 MP: 10/25
  5744 | D:6      | Reached skill level 9 in Conjurations
  5911 | D:6      | Found a staircase to the Ecumenical Temple.
  5928 | Temple   | Entered the Ecumenical Temple
  6098 | D:6      | Identified the +9 dagger "Schegut" {pierce, Str+4 Int+3 Dex+4} (You found it on level 5 of the Dungeon)
  6102 | D:6      | Noticed pzskc383's ghost (experienced GrEE)
  6847 | D:8      | Found a radiant altar of Vehumet.
  6857 | D:8      | Became a worshipper of Vehumet
  7086 | D:8      | Reached skill level 10 in Conjurations
  7089 | D:8      | Reached XP level 9. HP: 51/51 MP: 7/29
  7402 | D:8      | Found a bloodstained altar of Trog.
  7496 | D:8      | Reached skill level 10 in Spellcasting
  7569 | D:8      | Acquired Vehumet's first power
  7569 | D:8      | Offered knowledge of Sting by Vehumet.
  8292 | D:9      | Reached skill level 11 in Conjurations
  8434 | D:9      | Found a shimmering altar of Xom.
  8434 | D:9      | Found a burning altar of Makhleb.
  8591 | D:9      | Found a flagged portal.
  8621 | Bailey   | Entered a bailey
  8633 | Bailey   | Offered knowledge of Shock by Vehumet.
  8880 | Bailey   | Learned a level 6 spell: Bolt of Cold
  8969 | Bailey   | Reached skill level 1 in Ice Magic
  8971 | Bailey   | Offered knowledge of Static Discharge by Vehumet.
  9457 | D:9      | Rolled over by a boulder beetle

Action                   |  1- 3 |  4- 6 |  7- 9 || total
-------------------------+-------+-------+-------++-------
Melee: Dagger            |    16 |       |    36 ||    52
       Short sword       |       |    16 |       ||    16
 Cast: Magic Dart        |    68 |   156 |   208 ||   432
       Searing Ray       |       |     8 |    11 ||    19
       Dazzling Spray    |       |    14 |     7 ||    21
       Iskenderun's Myst |       |     1 |   120 ||   121
       Iskenderun's Batt |       |       |     4 ||     4
  Use: Scroll            |     4 |     9 |     6 ||    19
 Stab: Sleeping          |       |     1 |     2 ||     3
  Eat: Beef jerky        |     1 |       |     1 ||     2
       Chunk             |       |     9 |    18 ||    27
